 Dungeon Crawl Stone Soup version 0.28.0-1-gb440e238dd (webtiles) character file.

Game seed: 4833321035838978714

272 arthad the Chopper (level 6, 0/63 HPs)
             Began as an Octopode Wanderer on Feb 20, 2022.
             Was an Initiate of Ashenzari.
             Slain by a gnoll (3 damage)
             ... on level 4 of the Dungeon.
             The game lasted 00:12:52 (3124 turns).

arthad the Chopper (Octopode Wanderer)              Turns: 3124, Time: 00:12:53

Health: 0/63       AC: 23    Str: 11    XL:     6   Next: 23%
Magic:  0/9        EV:  2    Int: 17    God:    Ashenzari [......]
Gold:   47         SH:  0    Dex: 17    Spells: 8/9 levels left

rFire   . . .      SeeInvis .   a - +2 hand axe
rCold   . . .      Faith    .   (no shield)
rNeg    . . .      Spirit   +   (helmet currently unavailable)
rPois   +          Reflect  .   i - amulet of guardian spirit
rElec   .          Harm     .   g - ring of the Oracular Morality {Dex+6, Alch, Cun} (curse)
rCorr   .          Rampage  .   (no ring)
Will    .....      NoTele   +   (no ring)
Stlth   ++........              (no ring)
HPRegen 0.20/turn               (no ring)
MPRegen 0.11/turn               (no ring)
                                (no ring)
                                (no ring)

@: tree-form, invisible
A: stationary, stasis, torment immunity, boosted hp, almost no armour,
(amphibious), 8 rings, (camouflage 1), (gelatinous body 1), (nimble swimmer 1),
(tentacles)
a: Renounce Religion, Curse Item, Shatter the Chains


You were on level 4 of the Dungeon.
You worshipped Ashenzari.
Ashenzari was noncommittal.
You were a tree.
You visited 1 branch of the dungeon, and saw 4 of its levels.

You collected 66 gold pieces.
You spent 19 gold pieces at shops.

Inventory:

Hand Weapons
 a - a +2 hand axe (weapon)
 h - a +0 dagger of freezing
 k - a +1 dagger of flaming
 q - a +0 war axe
Armour
 b - a +0 hat (melded)
Jewellery
 g - the cursed ring of the Oracular Morality (left branch) {Dex+6, Alch, Cun}
   (You found it on level 2 of the Dungeon)

   [ring of dexterity]

   Dex:       It affects your dexterity (+6).
   It has a curse which improves the following skills: Alchemy: Poison Magic and
   Transmutations.
   Cunning:   Dodging and Stealth.
 i - an amulet of guardian spirit (around neck)
Scrolls
 c - a scroll of torment
 d - a scroll of summoning {unknown}
 e - a scroll of vulnerability {unknown}
 f - 2 scrolls of enchant weapon {unknown}
 m - a scroll of amnesia {unknown}
 n - 2 scrolls of teleportation {unknown}
 o - a scroll of magic mapping {unknown}
 p - a scroll of holy word {unknown}


   Skills:
 * Level 3.3 Fighting
 * Level 5.8 Axes
 * Level 2.8(3.2) Dodging
 + Level 2.2(2.6) Stealth
 + Level 2.0 Spellcasting
 + Level 2.1 Hexes


You had 8 spell levels left.
You knew the following spells:

 Your Spells              Type           Power      Damage    Failure   Level
a - Slow                  Hex            32%        N/A       9%          1

Your spell library contained the following spells:

 Spells                   Type           Power      Damage    Failure   Level
 Inner Flame              Hex/Fire       5%         N/A       36%         3


Dungeon Overview and Level Annotations

Branches:
Dungeon (4/15)
 Temple: D:4-7

Altars:
Ashenzari

Shops:
D:2 *   D:3 *

Annotations:
D:3 2 transporters, DrStoges's ghost, amateur BaIE


Innate Abilities, Weirdness & Mutations

You are a tree.
Your roots penetrate the ground, keeping you stationary.
You cannot be teleported.
You are immune to unholy pain and torment.
Your maximum health is greatly increased.
You cannot wear most types of armour.
((You are amphibious.))
You can wear up to eight rings at the same time.
((Your skin changes colour to match your surroundings (Stealth+).))
((Your rubbery body absorbs attacks. (AC +1, EV +1)))
((You are camouflaged when in or above water. (Stealth+)))
((You have tentacles for arms and can constrict up to eight enemies at once.))


Message History

The gnoll shaman is heavily wounded.
The gnoll hits you from afar with a +0 spear.
* * * LOW HITPOINT WARNING * * *
The gnoll shaman hits you but does no damage.
You hit the gnoll shaman.
The gnoll shaman is severely wounded.
The gnoll hits you but does no damage.
The gnoll shaman hits you but does no damage.
You barely miss the gnoll shaman.
The gnoll shaman is severely wounded.
You are no longer glowing.
The gnoll hits you but does no damage.
You closely miss the gnoll shaman.
The gnoll shaman is severely wounded.
The gnoll hits you but does no damage.
The gnoll shaman hits you but does no damage.
You barely miss the gnoll shaman.
The gnoll shaman is severely wounded.
The gnoll hits you but does no damage.
The gnoll shaman hits you but does no damage.
You hit the gnoll shaman.
The gnoll shaman is severely wounded.
The gnoll shaman is no longer moving slowly.
The gnoll hits you but does no damage.
The gnoll shaman utters an invocation to its god.
The gnoll shaman is healed somewhat.
You hit the gnoll shaman.
The gnoll shaman is severely wounded.
The gnoll completely misses you.
The gnoll shaman utters an invocation to its god.
The gnoll shaman is healed somewhat.
You barely miss the gnoll shaman.
The gnoll shaman is heavily wounded.
The gnoll hits you but does no damage.
The gnoll shaman hits you with a +0 club.
* * * LOW HITPOINT WARNING * * *
You barely miss the gnoll shaman.
The gnoll shaman is heavily wounded.
The gnoll hits you from afar with a +0 spear.
You die...

.......# ....[......#
...........#
...........# ..........#
........#
#g..##)############
##.##...##....#.......##
......g♣......#.........
........).....'........)
..............#..[..)[))
...##..###..####.####'##
## ### #.########...#
.... #........#
#.....#........#
#.....#........#
#...##...#


You could see a gnoll shaman and a gnoll.

Vanquished Creatures
  A scorpion (D:3)
  An orc priest (D:4)
  A centaur skeleton (D:4)
  An orc wizard (D:3)
  2 gnolls (D:4)
  3 adders
  A worm (D:3)
  4 dart slugs
  6 orcs
  3 ball pythons
  6 endoplasms
  4 giant cockroaches
  9 goblins
  3 hobgoblins
  2 jackals (D:1)
  2 quokkas
  5 bats
  8 frilled lizards
  2 kobolds
  5 rats
69 creatures vanquished.

Vanquished Creatures (others)
  3 plants (D:2)
3 creatures vanquished.

Grand Total: 72 creatures vanquished

Notes
Turn   | Place    | Note
-------+----------+-------------------------------------------
     0 | D:1      | arthad the Octopode Wanderer began the quest for the Orb.
     0 | D:1      | arthad set off with the following items: a +2 hand axe, a
                  | +0 hat; and the following spell memorised: Slow; and the
                  | following spells available to memorise: Inner Flame
     0 | D:1      | Reached XP level 1. HP: 14/14 MP: 2/2
    98 | D:1      | Reached XP level 2. HP: 19/19 MP: 3/3
   161 | D:1      | Found a faded altar of an unknown god.
   240 | D:1      | Prayed at the altar of an unknown god.
   240 | D:1      | Became a worshipper of Ashenzari the Shackled
   510 | D:1      | Reached XP level 3. HP: 19/25 MP: 4/4
  1118 | D:2      | Reached skill level 1 in Stealth
  1360 | D:2      | Found Ruemits's Assorted Antiques.
  1369 | D:2      | Bought a scroll labelled OVAMOT FOGH for 19 gold pieces
  1755 | D:2      | Reached XP level 4. HP: 30/30 MP: 6/6
  1946 | D:3      | Noticed a scorpion
  2190 | D:3      | Found Coaraz's General Store.
  2369 | D:3      | Reached XP level 5. HP: 27/36 MP: 5/7
  2443 | D:3      | Identified the +8 dire flail of the Enchanted Forest
                  | {vorpal, Str+4}
  2443 | D:3      | Noticed an ogre
  2443 | D:3      | Noticed DrStoges's ghost (amateur BaIE)
  2623 | D:3      | Noticed an ogre
  2624 | D:3      | Found a transporter.
  2624 | D:3      | Found a transporter.
  2692 | D:3      | Found a broken altar of Ashenzari.
  2898 | D:4      | Reached XP level 6. HP: 16/42 MP: 3/9
  3116 | D:4      | HP: 3/63 [gnoll (3)]
  3123 | D:4      | HP: 3/63 [gnoll shaman (2)]
  3124 | D:4      | Slain by a gnoll

Illustrated notes

Levels and vault maps discovered:
D:1:      sevenhm_arrival_forest_fort_large_2, layout_basic,
          hellmonk_ecumenical_altar_inner_sanctum, minmay_misc_feat_plants
D:2:      layout_rooms, serial_bayou, serial_bayou_lagoon_b,
          serial_bayou_shore_a, serial_bayou_pond_e, serial_bayou_pond_d,
          serial_shops, nicolae_diamond_shop
D:3:      layout_basic, nicolae_ashenzari_skybound, serial_shops,
          nicolae_lakefront_shop, gammafunk_ghost_smash
D:4:      layout_gridville, hangedman_abyss_or_decor_stabs, due_unseen_surprise

Skill      XL: |  1  2  3  4  5 |
---------------+----------------+-----
Stealth        | 1 2 |  2.2
Dodging        | 2 |  2.8
Fighting       | 3 |  3.3
Hexes          | 2 |  2.1
Spellcasting   | 2 |  2.0
Axes           | |  5.8

Action                   |  1- 3 |  4- 6 || total
-------------------------+-------+-------++-------
Melee: Hand axe          |    67 |    86 ||   153
       Constrict         |    17 |    17 ||    34
       Tentacles         |    10 |    20 ||    30
       Punch             |     2 |     1 ||     3
 Cast: Slow              |     1 |     7 ||     8
Invok: Curse Item        |     1 |       ||     1
  Use: Scroll            |     1 |       ||     1
       Potion            |       |     2 ||     2
 Stab: Sleeping          |     5 |     2 ||     7
Armor: Skin              |     3 |    18 ||    21
Dodge: Dodged            |    35 |    47 ||    82
